AoeStats
← 30Wololo

Arabian Desert

509114042Analyzed
1v1 RM · 5d ago on Sep 25, 2026· 33m 5s· 2 players
Game mode
Random Map
Map size
Tiny (2 player)
Population
200
Speed
Normal
Resources
Standard
Victory
Conquest
Starting age
Dark Age
Ending age
Imperial Age
RankedLock teamsTeams togetherTeam positionsShared explorationLock speedFull tech treeHidden civsTurbo modeCheats
Victory
Defeat
🇭🇺 Saxons · Hungary
1020
+17
🇧🇪 Burgundians · Belgium
1032
-17
30Wololo
10:51 Feudal Age
9:07 Loom
11:31 Town Watch
11:34 Double-Bit Axe
13:23 Wheelbarrow
12:59 Horse Collar
19:26 Castle Age
17:29 Fletching
17:58 Scale Mail Armor
20:01 Crossbowman
22:18 Bodkin Arrow
22:57 Gold Mining
23:31 Man-at-Arms
24:15 Gambesons
27:15 Bow Saw
27:07 Heavy Plow
29:48 Squires
30:59 Gold Shaft Mining
31:22 Arson
orcwarmaster
10:15 Feudal Age
8:30 Loom
9:21 Double-Bit Axe
11:55 Bow Saw
18:40 Scale Barding Armor
21:57 Castle Age
20:42 Fletching
20:52 Padded Archer Armor
22:45 Horse Collar
22:50 Cavalier
23:38 Bodkin Arrow
26:27 Husbandry
26:38 Elite Skirmisher
30:11 Chain Barding Armor
30:02 Forging
30:41 Wheelbarrow
29:52 Town Watch
30:49 Leather Archer Armor
Connection lost

Rejoining the realm…

Still unreachable

The connection could not be restored.

Session expired

The server has moved on; the page needs a fresh start.